 Dungeon Crawl Stone Soup version 0.31.0-11-ge490571c62 (webtiles) character file.

Game seed: 6824694326289493468

2398 sanka the Grappler (level 9, -14/93 HPs)
             Began as a Troll Monk on Jan 30, 2024.
             Was a Follower of Uskayaw.
             Demolished by a boulder beetle (38 damage)
             ... on level 6 of the Dungeon.
             The game lasted 00:07:44 (5167 turns).

sanka the Grappler (Troll Monk)                     Turns: 5167, Time: 00:07:44

Health: -14/93     AC:  9    Str: 21    XL:     9   Next: 23%
Magic:  0/8        EV: 10    Int:  9    God:    Uskayaw [*.....]
Gold:   391        SH:  0    Dex: 16    Spells: 8/8 levels left

rFire   . .          .
                       - Unarmed
rCold   + . .        c - orb {light}
rNeg    + . .        v - +1 acid dragon scales
rPois   .            (helmet restricted)
rElec   .            (no cloak)
rCorr   +            (gloves unavailable)
SInv    .            (boots unavailable)
Will    .....        q - amulet of the Ageless Dreams {Spirit +Inv rC+ rN+ Int+3}
Stlth   +            (no ring)
HPRegen 1.15/turn    (no ring)
MPRegen 0.11/turn

%: guardian spirit
@: glowing
A: large, unfitting armour, claws 3, regeneration 1, shaggy fur 1, tough skin 1
a: Renounce Religion, Evoke Invisibility, Stomp


You were on level 6 of the Dungeon.
You worshipped Uskayaw.
Uskayaw was noncommittal.
You visited 1 branch of the dungeon, and saw 6 of its levels.

You collected 391 gold pieces.


Innate Abilities, Weirdness & Mutations

You are too large for most types of armour.
You have claws for hands.
Your natural rate of healing is unusually fast.
You are covered in fur. (AC +1)
You have tough skin. (AC +1)


   Skills:
 + Level 7.2 Fighting
 - Level 2.4 Dodging
 - Level 10.0 Unarmed Combat


You had 8 spell levels left.
You didn't know any spells.
Your spell library contained the following spells:

 Spells                   Type           Power      Damage    Failure   Level
 Apportation              Tloc           0%         N/A       45%         1
 Magic Dart               Conj           0%         1d3       45%         1
 Necrotise                Necr           0%         1d4       45%         1
 Sting                    Conj/Alch      0%         1d3       45%         1
 Summon Small Mammal      Summ           0%         N/A       45%         1
 Blink                    Tloc           0%         N/A       61%         2
 Call Imp                 Summ           0%         N/A       61%         2
 Gell's Gravitas          Tloc           0%         N/A       83%         3
 Teleport Other           Tloc           0%         N/A       83%         3
 Dispersal                Tloc           0%         N/A       100%        6

Inventory:

Armour
 a - a +0 robe
 c - an orb of light (worn)
 v - +1 acid dragon scales (worn)
Jewellery
 j - an amulet of magic regeneration
 q - the amulet of the Ageless Dreams (around neck) {Spirit +Inv rC+ rN+ Int+3}

   [amulet of guardian spirit]

   Spirit:    It causes incoming damage to be divided between your reserves of
   health and magic.
   Int+3:     It affects your intelligence (+3).
   rC+:       It protects you from cold.
   rN+:       It protects you from negative energy.
   +Inv:      It lets you turn invisible.
 r - an amulet of magic regeneration
Wands
 w - a wand of flame (15)
Scrolls
 d - 2 scrolls of poison {unknown}
 e - 6 scrolls of identify {unknown}
 f - 2 scrolls of blinking {unknown}
 h - 3 scrolls of fear {unknown}
 k - 5 scrolls of teleportation {unknown}
 l - a scroll of torment {unknown}
 m - a scroll of fog {unknown}
 s - 5 scrolls of noise {unknown}
 t - 2 scrolls of enchant weapon {unknown}
 u - 2 scrolls of vulnerability {unknown}
 y - a scroll of enchant armour {unknown}
Potions
 b - a potion of ambrosia
 g - a potion of brilliance {unknown}
 i - 2 potions of curing {unknown}
 n - 2 potions of haste {unknown}
 o - a potion of mutation {unknown}
 p - 3 potions of degeneration {unknown}
 x - a potion of heal wounds {unknown}

Dungeon Overview and Level Annotations

Branches:
Dungeon (6/15)             Temple (0/1) D:4

Altars:
Qazlal
Ru
Sif Muna
Uskayaw
Wu Jian
Zin

Shops:
D:2 *   D:5 [   D:6 =

Annotations:
D:5 3 runed translucent doors, kaychamo's ghost, novice OnBr

▒▒†.▒▒▒▒▒▒▒▒▒..▒▒▒....▒▒▒▒.
▒..▒▒ ........▒..........
▒.▒▒▒ ).................▒
▒...▒ ...................
▒)▒.▒▒▒▒▒.▒▒▒▒▒▒...........
▒)).▒.....▒ ▒...▒▒.▒.▒...
▒.▒.▒.....▒ ▒...▒▒.▒.....
▒...▒.....▒▒▒▒▒.▒.▒........
▒.▒.▒.....TB☼☼°°...........
▒...▒.....▒▒▒▒..▒▒.▒.......
▒.▒▒▒.......▒▒.▒▒▒☼▒.......
▒▒▒...▒.....▒....▒▒▒B...▒....
▒▒.▒.▒.▒.....▒▒...▒▒..°......▒
▒..▒...▒...).▒▒.▒......°.....▒
▒..†.▒.▒▒▒.▒▒▒▒.▒▒▒..........▒
▒..▒...▒▒▒.▒▒▒▒.▒▒...........▒
▒▒.▒.▒.▒▒..........▒...°.....▒


You could see a boulder beetle (rolling).


Message History

You scratch the boulder beetle but do no damage.
The boulder beetle is lightly wounded.
The boulder beetle bites you!
You scratch the boulder beetle but do no damage.
The boulder beetle is lightly wounded.
The boulder beetle bites you but does no damage.
You scratch the boulder beetle.
The boulder beetle is moderately wounded.
The boulder beetle bites you!!
You scratch the boulder beetle but do no damage.
The boulder beetle is moderately wounded.
You scratch the boulder beetle but do no damage.
The boulder beetle is moderately wounded.
The boulder beetle bites you!
* * * LOW HITPOINT WARNING * * *
You mangle the boulder beetle!!
The boulder beetle is heavily wounded.
The boulder beetle leaps!
You can now pass through a line of other dancers.
The boulder beetle curls into a ball and begins rolling!
You can no longer pass through a line of other dancers.
The boulder beetle hits you!!
* * * LOW HITPOINT WARNING * * *
The boulder beetle stops rolling and uncurls.
The boulder beetle curls into a ball and begins rolling!
Items here: ))) [.
Things that are here:
a +1 vampiric whip; a +0 hand axe; a +0 ring mail The boulder beetle hits you!!!
You die...

Action                     |  1- 3 |  4- 6 |  7- 9 || total
---------------------------+-------+-------+-------++-------
  Melee: Unarmed           |    88 |   115 |   151 ||   354
  Evoke: Wand              |       |     1 |       ||     1
   Stab: Paralysed         |       |       |     5 ||     5
 Armour: Robe              |    48 |    68 |    26 ||   142
         Acid dragon scale |       |       |    65 ||    65
  Dodge: Dodged            |    36 |    50 |    40 ||   126

Levels and vault maps discovered:
D:1:      dpeg_arrival_radiant, layout_basic
D:2:      layout_loops_corners, serial_shops, nicolae_shop_real_fake_doors,
          shapermc_ecumenical_altar_petra
D:3:      layout_rooms, eat_drink_and_be_merry_uskayaw, zin_treasury
D:4:      layout_basic, nicolae_ru_sacrificial_ziggurat, temple_pool_b,
          serial_rivers, chequers_serial_rivers_small_b,
          chequers_serial_rivers_micro_c, chequers_serial_rivers_small_3,
          chequers_serial_rivers_micro_b
D:5:      layout_gridville, grunt_temple_overflow_open, serial_shops,
          nicolae_shop_crystal, gammafunk_ghost_nasty_kobolds,
          nicolae_zig_zag_zippers
D:6:      layout_rooms, mainiacjoe_overflow_small_starburst, serial_shops, shop,
          hangedman_minor_gate_pass, uniq_grinder, uniq_maggie

Notes
Turn   | Place    | Note
-------+----------+-------------------------------------------
     0 | D:1      | sanka the Troll Monk began the quest for the Orb.
     0 | D:1      | Reached XP level 1. HP: 22/22 MP: 0/0
   155 | D:1      | Reached XP level 2. HP: 29/29 MP: 1/1
   182 | D:1      | Reached skill level 3 in Fighting
   624 | D:1      | Reached XP level 3. HP: 24/37 MP: 2/2
   890 | D:2      | Reached skill level 4 in Unarmed Combat
   937 | D:2      | Found Jocsem's Assorted Antiques.
  1090 | D:2      | Found a faded altar of an unknown god.
  1239 | D:2      | Reached XP level 4. HP: 45/45 MP: 3/3
  1636 | D:3      | Reached skill level 5 in Unarmed Combat
  1778 | D:3      | Reached XP level 5. HP: 48/53 MP: 4/4
  1834 | D:3      | Found a hide-covered altar of Uskayaw.
  1899 | D:3      | Identified the amulet of the Ageless Dreams {Spirit +Inv
                  | rC+ rN+ Int+3}
  1966 | D:3      | Found a glowing silver altar of Zin.
  2387 | D:4      | Found a sacrificial altar of Ru.
  2443 | D:4      | Found a staircase to the Ecumenical Temple.
  2487 | D:4      | Reached skill level 6 in Unarmed Combat
  2606 | D:4      | Reached XP level 6. HP: 56/61 MP: 5/5
  3334 | D:5      | Entered Level 5 of the Dungeon
  3437 | D:5      | Reached skill level 7 in Unarmed Combat
  3455 | D:5      | Found an ornate altar of the Wu Jian Council.
  3456 | D:5      | Found a shimmering blue altar of Sif Muna.
  3466 | D:5      | Found Suts's Armour Shop.
  3469 | D:5      | Noticed an ice beast
  3481 | D:5      | Killed an ice beast
  3553 | D:5      | Reached XP level 7. HP: 66/67 MP: 6/6
  3606 | D:5      | Reached skill level 8 in Unarmed Combat
  3924 | D:5      | Reached skill level 9 in Unarmed Combat
  3962 | D:5      | Reached XP level 8. HP: 75/75 MP: 7/7
  4236 | D:5      | Found a runed translucent gate.
  4236 | D:5      | Found a runed translucent gate.
  4236 | D:5      | Found a runed translucent gate.
  4241 | D:5      | Noticed kaychamo's ghost (novice OnBr)
  4356 | D:3      | Became a worshipper of Uskayaw the Reveller
  4356 | D:3      | Reached * piety under Uskayaw
  4487 | D:6      | Noticed Grinder
  4487 | D:6      | Identified +1 acid dragon scales
  4487 | D:6      | Noticed Maggie
  4498 | D:5      | Reached ** piety under Uskayaw
  4501 | D:5      | Reached *** piety under Uskayaw
  4502 | D:5      | Killed Maggie
  4503 | D:5      | Reached skill level 10 in Unarmed Combat
  4503 | D:5      | Reached skill level 4 in Fighting
  4544 | D:6      | Killed Grinder
  4597 | D:6      | Reached skill level 5 in Fighting
  4722 | D:6      | Noticed a boulder beetle
  4731 | D:6      | Reached **** piety under Uskayaw
  4737 | D:6      | Reached ***** piety under Uskayaw
  4782 | D:6      | Reached skill level 6 in Fighting
  4784 | D:6      | Reached XP level 9. HP: 45/91 MP: 3/8
  4923 | D:6      | Reached skill level 7 in Fighting
  4993 | D:6      | Found Tieckora's Jewellery Boutique.
  5087 | D:6      | Found a stormy altar of Qazlal.
  5167 | D:6      | Demolished by a boulder beetle

Vanquished Creatures
  Maggie (D:5)
  Grinder (D:6)
  A yak (D:6)
  A steam dragon (D:6)
  An ice beast (D:5)
  A black bear (D:5)
  2 ogres
  A kobold brigand (D:6)
  A phantom (D:6)
  5 scorpions
  A howler monkey (D:6)
  2 bombardier beetles
  7 hounds
  2 jellies
  A gnoll bouda (D:6)
  4 orc priests
  An iguana (D:3)
  A sleepcap (D:6)
  3 orc wizards
  6 gnolls
  6 adders
  2 shadow imps (D:6)
  2 white imps (D:6)
  5 dart slugs
  A ribbon worm (D:2)
  14 orcs
  6 bats
  5 endoplasms
  4 giant cockroaches
  12 goblins
  6 hobgoblins
  8 jackals
  3 quokkas
  7 ball pythons
  6 frilled lizards
  4 kobolds
  2 rats
136 creatures vanquished.
